 Dungeon Crawl Stone Soup version 0.27-a0-965-gbf8bb431c4 (webtiles) character file.

Game seed: 3985688523152968776

132 wakim the Skirmisher (level 4, -2/38 HPs)
             Began as a Draconian Artificer on Apr 12, 2021.
             Was a Follower of Sif Muna.
             Slain by Grinder (4 damage)
             ... while paralysed by Grinder
             ... on level 3 of the Dungeon.
             The game lasted 00:10:50 (2307 turns).

wakim the Skirmisher (Draconian Artificer)          Turns: 2307, Time: 00:10:50

Health: -2/38      AC:  5    Str: 14 (16) XL:     4   Next: 92%
Magic:  0/4        EV:  2    Int: 10 (11) God:    Sif Muna [*.....]
Gold:   91         SH:  0    Dex:  9 (11) Spells: 3/3 levels left

rFire    + . .     SeeInvis .   n - +0 war axe (freeze)
rCold    + . .     Faith    .   b - +0 buckler
rNeg     . . .     Spirit   +   (armour unavailable)
rPois    +         Reflect  .   (helmet restricted)
rElec    +         Harm     .   (no cloak)
rCorr    +         Rampage  .   (no gloves)
Will     .....                  (no boots)
Stlth    +.........             i - amulet of guardian spirit
HPRegen  0.12/turn              (no ring)
MPRegen  0.09/turn              (no ring)

@: paralysed, resistant, attractive
A: AC +5, unfitting armour, cold-blooded
a: Renounce Religion, Channel Magic


You were on level 3 of the Dungeon.
You worshipped Sif Muna.
Sif Muna was aware of your devotion.
You visited 1 branch of the dungeon, and saw 3 of its levels.

You collected 91 gold pieces.

Inventory:

Hand Weapons
 m - a +0 mace
 n - a +0 war axe of freezing (weapon)
Armour
 b - a +0 buckler (worn)
Jewellery
 i - an amulet of guardian spirit (around neck)
 j - a ring of fire
Wands
 v - a wand of flame (8) (quivered)
 x - a wand of charming (15)
Scrolls
 f - a scroll of identify {unknown}
Potions
 c - a potion of heal wounds {unknown}
 d - a potion of degeneration {!q}
 h - a potion of curing {unknown}
Miscellaneous
 k - a piece from Xom's chessboard (9/15)


   Skills:
 * Level 3.1 Fighting
 + Level 1.5 Axes
 + Level 2.7 Dodging
 - Level 0.8 Stealth
 * Level 2.5 Shields
 - Level 3.0 Evocations


You had 3 spell levels left.
You didn't know any spells.
Your spell library contained the following spells:

 Spells                   Type           Power      Damage    Failure   Level
 Summon Small Mammal      Summ           0%         N/A       41%         1
 Call Imp                 Summ           0%         N/A       56%         2
 Call Canine Familiar     Summ           0%         N/A       80%         3
 Summon Guardian Golem    Hex/Summ       0%         N/A       80%         3
 Summon Ice Beast         Ice/Summ       0%         N/A       99%         4
 Summon Lightning Spire   Summ/Air       0%         N/A       99%         4


Dungeon Overview and Level Annotations

Branches:
Dungeon (3/15)

Altars:
Sif Muna

Annotations:
D:3 Grinder


Innate Abilities, Weirdness & Mutations

Your plain brown scales are hard. (AC +5)
You cannot fit into any form of body armour.
You are cold-blooded and may be slowed by cold attacks.


Message History

The jackal barks!
You hit Grinder but do no damage.
Grinder is moderately wounded.
You hit the jackal. You freeze the jackal.
You kill the jackal!
Sif Muna accepts your kill.
An orc comes into view. It is wielding a +0 short sword.
Grinder hits you.
* * * LOW HITPOINT WARNING * * *
You writhe in agony.
* * * LOW HITPOINT WARNING * * *
It was a potion of degeneration.
There was something very wrong with that liquid.
You feel weakened.
You feel dopey.
You feel clumsy.
d - a potion of degeneration
k - a piece from Xom's chessboard (9/15) It was a potion of attraction.
You feel attractive to monsters. Grinder closely misses you.
The jackal completely misses you. The orc is pulled toward you!
It was a potion of resistance.
You feel protected.
Grinder stops glowing.
The jackal closely misses you. Grinder gestures at you.
You suddenly lose the ability to move!
The orc is pulled toward you! The jackal bites you.
* * * LOW HITPOINT WARNING * * *
The orc hits you with a +0 short sword.
* * * LOW HITPOINT WARNING * * *
The jackal bites you but does no damage.
The orc hits you with a +0 short sword.
* * * LOW HITPOINT WARNING * * *
Grinder hits you but does no damage.
An orc comes into view. It is wielding a +0 flail.
The jackal bites you but does no damage.
The orc is pulled toward you! The jackal bites you.
* * * LOW HITPOINT WARNING * * *
The orc hits you but does no damage. Grinder hits you.
You die...

#...............#........
#...............#........
##...............#........
#................#.######.
#................#.###
#........++#.........#
######...###.........###
#...................+
#............@o....##
####............5h....# .....
#.....................# .......
#.....................##.......
#...............#...o.##.......
######..........#.....##..(....
#..........#...†.........
#..........###........# ..
####..........# #........# ...


You could see Grinder (slow), 2 orcs and a jackal.

Vanquished Creatures
  A hound (D:2)
  A jelly (D:3)
  2 adders (D:2)
  A worm (D:2)
  3 dart slugs (D:2)
  3 endoplasms
  3 giant cockroaches
  4 goblins
  2 hobgoblins (D:2)
  9 jackals
  4 quokkas
  2 ball pythons (D:2)
  5 bats
  A frilled lizard (D:1)
  2 kobolds (D:2)
  2 rats
45 creatures vanquished.

Notes
Turn   | Place    | Note
-------+----------+-------------------------------------------
     0 | D:1      | wakim the Draconian Artificer began the quest for the Orb.
     0 | D:1      | Reached XP level 1. HP: 16/16 MP: 1/1
   750 | D:2      | Reached XP level 2. HP: 23/24 MP: 2/2
   752 | D:2      | Reached skill level 1 in Shields
  1253 | D:2      | Reached XP level 3. HP: 24/30 MP: 3/3
  1256 | D:2      | Reached skill level 1 in Axes
  1346 | D:2      | Reached XP level 4. HP: 25/37 MP: 4/4
  1584 | D:2      | Found a faded altar of an unknown god.
  1592 | D:2      | Became a worshipper of Sif Muna the Loreminder
  1592 | D:2      | Reached * piety under Sif Muna
  2160 | D:3      | Noticed Grinder
  2304 | D:3      | Paralysed by Grinder for 7 turns
  2307 | D:3      | Slain by Grinder

Illustrated notes

Levels and vault maps discovered:
D:1:      eino_arrival_tree_alley, layout_rooms, minmay_crystal_water,
          minmay_octomino_j4
D:2:      layout_loops_ring, basic_ecumenical_altar, hangedman_decor_lopped,
          kennysheep_decorative_pillar, grunt_ministairs_12, patterned_corridor
D:3:      layout_basic, lemuel_tele_altar, serial_shops, shop_statue,
          portal_sewer_entry_d, uniq_grinder

Skill      XL: |  1  2  3  4 |
---------------+-------------+-----
Shields        | 1 2 |  2.5
Fighting       | 2 3 |  3.1
Axes           | 1 |  1.5
Dodging        | |  2.7
Stealth        | |  0.8
Evocations     | |  3.0

Action                   |  1- 3 |  4- 6 || total
-------------------------+-------+-------++-------
Melee: Hand axe          |    18 |       ||    18
       War axe           |    56 |    52 ||   108
       Club              |     2 |       ||     2
       Tailslap          |     1 |     3 ||     4
Evoke: Wand              |     3 |     4 ||     7
       Piece from Xom's  |       |     6 ||     6
  Use: Scroll            |     4 |     1 ||     5
       Potion            |       |     3 ||     3
 Stab: Sleeping          |     3 |     5 ||     8
       Paralysed         |       |     1 ||     1
Armor: Skin              |    27 |    22 ||    49
Dodge: Dodged            |    50 |    46 ||    96
Block: Buckler           |    15 |     9 ||    24

Table legend: (Time is in decaauts)
 A = Elapsed time spent in this place.
 B = Non-inter-level travel time spent in this place.
 C = Inter-level travel time spent in this place.
 D = Time resting spent in this place.
 E = Time spent auto-exploring this place.
 F = Levels seen in this place.
 G = Mean time per level.
                   A        B        C        D        E       F      G
               +--------+--------+--------+--------+--------+-----+--------+
         Total |   2368 |   2311 |     57 |    245 |   1470 |   3 |  789.3 |
       Dungeon |   2368 |   2311 |     57 |    245 |   1470 |   3 |  789.3 |
               +--------+--------+--------+--------+--------+-----+--------+

Top non-repeatable levels by time:
     D:2: 1447 daAuts
     D:1: 736 daAuts
     D:3: 184 daAuts
